 Dungeon Crawl Stone Soup version 0.28.0-62-gf88900778d (webtiles) character file.

Game seed: 12892763447436014732

109 tylerjbraun the Ruffian (level 4, -35/24 HPs)
             Began as a Vine Stalker Berserker on Mar 24, 2022.
             Was a Believer of Trog.
             Killed from afar by Ijyb (44 damage)
             ... with a bolt of acid
             ... on level 4 of the Dungeon on July 11, 2023.
             The game lasted 00:39:15 (2319 turns).

tylerjbraun the Ruffian (Vine Stalker Berserker)    Turns: 2319, Time: 00:39:15

Health: -35/24     AC:  3    Str: 20    XL:     4   Next: 89%
Magic:  0/5        EV: 16    Int:  7    God:    Trog [**....]
Gold:   78         SH:  0    Dex: 15    Spells: 3/3 levels left

rFire   . . .      SeeInvis .     - Unarmed
rCold   . . .      Faith    .   (no shield)
rNeg    . . .      Spirit   +   i - +0 leather armour
rPois   .          Reflect  .   (no helmet)
rElec   .          Harm     .   (no cloak)
rCorr   .          Rampage  .   (no gloves)
Will    .....                   (no boots)
Stlth   ++........              (no amulet)
HPRegen 0.88/turn               h - +4 ring of evasion
MPRegen 0.09/turn               (no ring)

@: no status effects
A: fangs 2, regeneration 1, magic shield, antimagic bite, no potion heal 2
a: Renounce Religion, Berserk, Trog's Hand


You were on level 4 of the Dungeon.
You worshipped Trog.
Trog was pleased with you.
You visited 1 branch of the dungeon, and saw 4 of its levels.

You collected 78 gold pieces.

Inventory:

Hand Weapons
 d - a +0 dagger
 f - a +0 short sword
 k - a +0 club
 l - a +0 hunting sling
Missiles
 e - 78 stones (quivered)
 j - 41 arrows
 m - 4 poisoned darts
Armour
 a - a +0 animal skin
 c - a +0 robe
 i - a +0 leather armour (worn)
Jewellery
 h - a +4 ring of evasion (left hand)
Wands
 p - a wand of polymorph (11)
Scrolls
 g - a scroll of enchant armour
 o - a scroll of amnesia {unknown}
Potions
 b - a potion of attraction
 n - 3 potions of curing


   Skills:
 + Level 3.1 Fighting
 + Level 0.4 Throwing
 + Level 1.8 Armour
 + Level 1.8 Dodging
 * Level 2.6 Stealth
 + Level 4.2 Unarmed Combat


You had 3 spell levels left.
You didn't know any spells.
Your spell library contained the following spells:

 Spells                   Type           Power      Damage    Failure   Level
 Corpse Rot               Necr/Air       0%         N/A       63%         2
 Dispel Undead            Necr           0%         3d6       99%         4
 Death Channel            Necr           0%         N/A       100%        6


Dungeon Overview and Level Annotations

Branches:
Dungeon (4/15)
 Temple: D:4-7

Altars:
Qazlal
Ru

Annotations:
D:4 Ijyb


Innate Abilities, Weirdness & Mutations

You have extremely sharp teeth.
Your natural rate of healing is unusually fast.
When hurt, damage is shared between your health and your magic reserves.
Your bite disrupts and absorbs the magic of your enemies.
Potions cannot restore your health.


Message History

Aim: Ijyb, wielding a +0 club, wearing a +0 leather armour and carrying a wand of acid (7) (51% to hit)
You throw a stone. The stone hits Ijyb but does no damage.
Throw: 79 stones
Press: ? - help, Q - select action, (/) - cycle Shift-Dir - straight line, f/p - Ijyb
Aim: Ijyb, wielding a +0 club, wearing a +0 leather armour and carrying a wand of acid (7) (51% to hit)
You throw a stone. The stone hits Ijyb but does no damage.
Ijyb zaps a wand.
The bolt of acid misses you. Ijyb misses you.
You hit Ijyb.
Ijyb is lightly wounded.
Ijyb hits you but does no damage.
You hit Ijyb but do no damage.
Ijyb is lightly wounded.
Ijyb zaps a wand.
The bolt of acid hits you!!
Ouch! That really hurt!
* * * LOW HITPOINT WARNING * * *
You hit Ijyb. Your punch misses Ijyb.
Ijyb is moderately wounded.
You closely miss Ijyb. Your bite misses Ijyb.
Ijyb is moderately wounded.
Ijyb zaps a wand.
The bolt of acid misses you.
You hit Ijyb but do no damage. Your bite misses Ijyb.
Ijyb is moderately wounded.
Ijyb hits you with a +0 club.
* * * LOW HITPOINT WARNING * * *
You closely miss Ijyb.
Ijyb is moderately wounded.
Ijyb barely misses you.
You hit Ijyb. Your bite misses Ijyb.
Ijyb is moderately wounded.
Ijyb grins evilly.
Ijyb misses you.
You barely miss Ijyb. Your bite misses Ijyb.
Ijyb is moderately wounded.
Ijyb zaps a wand.
The bolt of acid misses you.
You hit Ijyb.
Ijyb is heavily wounded.
Ijyb zaps a wand.
The bolt of acid hits you!!!
Ouch! That really hurt!
You die...

#### ..#
#### #.#
...
###.###.###
#<....@g(.#
#.#######.#
#.# #.# #.#
#.# #.. ###


You could see Ijyb.

Vanquished Creatures
  6 adders
  A dart slug (D:3)
  4 ball pythons
  3 endoplasms
  2 giant cockroaches
  9 hobgoblins
  3 jackals (D:2)
  A quokka (D:2)
  4 bats
  5 frilled lizards
  7 goblins
  4 kobolds
  3 rats
52 creatures vanquished.

Vanquished Creatures (others)
  5 toadstools (D:1)
5 creatures vanquished.

Grand Total: 57 creatures vanquished

Notes
Turn   | Place    | Note
-------+----------+-------------------------------------------
     0 | D:1      | tylerjbraun the Vine Stalker Berserker began the quest for
                  | the Orb.
     0 | D:1      | Reached XP level 1. HP: 11/11 MP: 2/2
   121 | D:1      | Reached XP level 2. HP: 12/16 MP: 3/3
   223 | D:1      | Found a faded altar of an unknown god.
   392 | D:2      | Reached skill level 1 in Stealth
   395 | D:2      | Reached XP level 3. HP: 11/20 MP: 4/4
  1330 | D:2      | Reached ** piety under Trog
  1331 | D:2      | Upgraded the game from 0.28.0-43-g3370ac3207 to
                  | 0.28.0-53-g5a82cb258f
  1364 | D:2      | Gained mutation: Your natural rate of healing is unusually
                  | fast. [Vine Stalker growth]
  1364 | D:2      | Reached XP level 4. HP: 20/24 MP: 5/5
  1442 | D:2      | Reached skill level 4 in Unarmed Combat
  1765 | D:3      | Found a sacrificial altar of Ru.
  2045 | D:3      | Found a stormy altar of Qazlal.
  2286 | D:3      | Upgraded the game from 0.28.0-53-g5a82cb258f to
                  | 0.28.0-62-gf88900778d
  2304 | D:4      | Noticed Ijyb
  2319 | D:4      | Killed from afar by Ijyb

Illustrated notes

Levels and vault maps discovered:
D:1:      ldierk_walled_garden, layout_rooms,
          dreamdust_ecumenical_altar_hidden_monk_grotto, palyth_stone_intersect
D:2:      layout_loops_corners
D:3:      layout_rooms, mainiacjoe_overflow_24_doors,
          nicolae_ru_sacrificial_ziggurat
D:4:      layout_loops_ring, nicolae_overflow_hallway_of_the_gods,
          glass_columns_a, nicolae_grassy_gnolls, uniq_eustachio, uniq_grinder,
          uniq_ijyb, uniq_duvessa

Skill      XL: |  1  2  3  4 |
---------------+-------------+-----
Stealth        | 1 2 |  2.6
Fighting       | 3 |  3.1
Unarmed Combat | 4 |  4.2
Throwing       | |  0.4
Armour         | |  1.8
Dodging        | |  1.8

Action                   |  1- 3 |  4- 6 || total
-------------------------+-------+-------++-------
Melee: Unarmed           |    57 |    65 ||   122
       Bite              |    14 |    14 ||    28
       Punch             |     1 |     1 ||     2
Throw: Stone             |    17 |    23 ||    40
       Dart              |       |    12 ||    12
  Use: Scroll            |     2 |     1 ||     3
 Stab: Distracted        |     1 |       ||     1
       Sleeping          |       |     3 ||     3
Armor: Animal skin       |     2 |       ||     2
       Robe              |     3 |       ||     3
       Leather armour    |     1 |     8 ||     9
Dodge: Dodged            |    23 |    38 ||    61
